| TOP OF THE 1ST |
|
Miami Marlins batting - Pitching for New York Mets : RHP David Anzaldua
|
|
Pitching: RHP David Anzaldua
|
|
|
Batting: RHB Roger Salazar
|
0-0: Foul Ball, location: 2F 0-1: Foul Ball, location: 2F 0-2: Strikes out swinging
|
|
Batting: RHB Matt Thompson
|
0-0: Ball 1-0: Called Strike 1-1: Foul Ball, location: 2F 1-2: Foul Ball, location: 2F 1-2: Strikes out swinging
|
|
Batting: LHB Adam Durgin
|
0-0: Ball 1-0: Swinging Strike 1-1: Foul Ball, location: 2F 1-2: Ball 2-2: Ball 3-2: Foul Ball, location: 2F 3-2: Ground out 6-3 (Groundball, 56D, EV 78.1 MPH)
|
| Top of the 1st over - 0 runs, 0 hits, 0 errors, 0 left on base; Miami 0 - New York 0 |
| BOTTOM OF THE 1ST |
|
New York Mets batting - Pitching for Miami Marlins : RHP Link Zeller
|
|
Pitching: RHP Link Zeller
|
|
|
Batting: LHB Kevin Bellman
|
0-0: Ball 1-0: Fly out, F9 (Line Drive, 89S, EV 89.4 MPH)
|
|
Batting: RHB Josh Jones
|
0-0: Called Strike 0-1: Ball 1-1: Swinging Strike 1-2: Ball 2-2: Strikes out swinging
|
|
Batting: SHB Sean Cook
|
0-0: Ball 1-0: Foul Ball, location: 2F 1-1: Ground out 6-3 (Groundball, 6, EV 96.9 MPH)
|
| Bottom of the 1st over - 0 runs, 0 hits, 0 errors, 0 left on base; Miami 0 - New York 0 |
| TOP OF THE 2ND |
|
Miami Marlins batting - Pitching for New York Mets : RHP David Anzaldua
|
|
Batting: RHB Jimmy Groseclose
|
0-0: Ball 1-0: Foul Ball, location: 2F 1-1: Ground out 6-3 (Groundball, 6S, EV 85.6 MPH)
|
|
Batting: RHB Tony Stedman
|
0-0: Called Strike 0-1: Swinging Strike 0-2: Ball 1-2: Foul Ball, location: 2F 1-2: Ball 2-2: SINGLE (Groundball, 6MD, EV 95.0 MPH)
|
|
Batting: RHB Steve Barnard
|
0-0: Ball 1-0: Swinging Strike 1-1: Foul Ball, location: 2F 1-2: Strikes out looking
|
|
Batting: LHB Jose Bregaro
|
0-0: Called Strike 0-1: Swinging Strike 0-2: Ball 1-2: Strikes out swinging
|
| Top of the 2nd over - 0 runs, 1 hit, 0 errors, 1 left on base; Miami 0 - New York 0 |
| BOTTOM OF THE 2ND |
|
New York Mets batting - Pitching for Miami Marlins : RHP Link Zeller
|
|
Batting: RHB Jeff Jank
|
0-0: Ground out 6-3 (Groundball, 6, EV 111.2 MPH)
|
|
Batting: LHB Chris Ringwood
|
0-0: SINGLE (Line Drive, 78S, EV 98.8 MPH)
|
|
Batting: RHB Drtian Thaqi
|
0-0: Foul Ball, location: 2F 0-1: Fielders Choice at 2nd, 5-4 (Groundball, 56, EV 107.5 MPH)
|
|
Batting: SHB Jason Larson
|
0-0: Ball 1-0: SINGLE (Line Drive, 9LS, EV 90.6 MPH) Drtian Thaqi to second Runner from 2nd tries for 3rd, SAFE, throw by RF made to third
|
|
Batting: RHB Finn Ross
|
0-0: Called Strike 0-1: Swinging Strike 0-2: Strikes out looking
|
| Bottom of the 2nd over - 0 runs, 2 hits, 0 errors, 2 left on base; Miami 0 - New York 0 |
| TOP OF THE 3RD |
|
Miami Marlins batting - Pitching for New York Mets : RHP David Anzaldua
|
|
Batting: RHB Alberto Cotto
|
0-0: Fly out, F9 (Flyball, 9LM, EV 83.1 MPH)
|
|
Batting: RHB Mike Gar
|
0-0: Called Strike 0-1: Swinging Strike 0-2: Strikes out swinging
|
|
Batting: RHB Roger Salazar
|
0-0: Ground out 6-3 (Groundball, 6, EV 98.8 MPH)
|
| Top of the 3rd over - 0 runs, 0 hits, 0 errors, 0 left on base; Miami 0 - New York 0 |
| BOTTOM OF THE 3RD |
|
New York Mets batting - Pitching for Miami Marlins : RHP Link Zeller
|
|
Batting: SHB Billy Encinias
|
0-0: Ball 1-0: Ball 2-0: Ball 3-0: Base on Balls
|
|
Batting: LHB Kevin Bellman
|
0-0: Ball 1-0: Called Strike Billy Encinias is caught stealing 2nd base 2-6 1-1: Foul Ball, location: 2F 1-2: Ball 2-2: Foul Ball, location: 2F 2-2: Ground out U3 (Groundball, 34S, EV 90.6 MPH)
|
|
Batting: RHB Josh Jones
|
0-0: Ball 1-0: Ground out 6-3 (Groundball, 6MS, EV 87.5 MPH)
|
| Bottom of the 3rd over - 0 runs, 0 hits, 0 errors, 0 left on base; Miami 0 - New York 0 |
| TOP OF THE 4TH |
|
Miami Marlins batting - Pitching for New York Mets : RHP David Anzaldua
|
|
Batting: RHB Matt Thompson
|
0-0: Called Strike 0-1: Swinging Strike 0-2: Ball 1-2: Ball 2-2: Foul Ball, location: 2F 2-2: Ball 3-2: Base on Balls
|
|
Batting: LHB Adam Durgin
|
0-0: Grounds into double play, 5-4-3 (Groundball, 56, EV 101.2 MPH)
|
|
Batting: RHB Jimmy Groseclose
|
0-0: Foul Ball, location: 2F 0-1: Called Strike 0-2: Ball 1-2: SINGLE (Line Drive, 5D, EV 106.9 MPH)
|
|
Batting: RHB Tony Stedman
|
0-0: Swinging Strike 0-1: Ball 1-1: Ball 2-1: Called Strike 2-2: Foul Ball, location: 2F 2-2: Strikes out swinging
|
| Top of the 4th over - 0 runs, 1 hit, 0 errors, 1 left on base; Miami 0 - New York 0 |
| BOTTOM OF THE 4TH |
|
New York Mets batting - Pitching for Miami Marlins : RHP Link Zeller
|
|
Batting: SHB Sean Cook
|
0-0: Called Strike 0-1: Fly out, F9 (Flyball, 9, EV 81.2 MPH)
|
|
Batting: RHB Jeff Jank
|
0-0: Called Strike 0-1: Ball 1-1: Called Strike 1-2: Ground out 3-1 (Groundball, 34S, EV 90.6 MPH)
|
|
Batting: LHB Chris Ringwood
|
0-0: Ball 1-0: Ball 2-0: SOLO HOME RUN (Line Drive, 8RXD, EV 116.9 MPH), Distance : 449 ft
|
|
Batting: RHB Drtian Thaqi
|
0-0: Ball 1-0: Ball 2-0: Ground out 6-3 (Groundball, 6, EV 91.2 MPH)
|
| Bottom of the 4th over - 1 run, 1 hit, 0 errors, 0 left on base; Miami 0 - New York 1 |
| TOP OF THE 5TH |
|
Miami Marlins batting - Pitching for New York Mets : RHP David Anzaldua
|
|
Batting: RHB Steve Barnard
|
0-0: Called Strike 0-1: Foul Ball, location: 2F 0-2: Fly out, F8 (Flyball, 8LD, EV 104.4 MPH)
|
|
Batting: LHB Jose Bregaro
|
0-0: Ball 1-0: Ball 2-0: Called Strike 2-1: Ball 3-1: Foul Ball, location: 2F 3-2: Foul Ball, location: 2F 3-2: SINGLE (Line Drive, 4D, EV 96.9 MPH)
|
|
Batting: RHB Alberto Cotto
|
0-0: Ball 1-0: SINGLE (Groundball, 4S, EV 71.2 MPH) (infield hit) Jose Bregaro to second
|
|
Batting: RHB Mike Gar
|
0-0: 3-RUN HOME RUN (Flyball, 7D, EV 97.5 MPH), Distance : 371 ft
|
|
Batting: RHB Roger Salazar
|
0-0: Swinging Strike 0-1: Foul Ball, location: 2F 0-2: Ball 1-2: Ball 2-2: Fly out, F7 (Flyball, 7S, EV 81.9 MPH)
|
|
Batting: RHB Matt Thompson
|
0-0: Called Strike 0-1: Swinging Strike 0-2: Foul Ball, location: 2F 0-2: Foul Ball, location: 2F 0-2: Foul Ball, location: 2F 0-2: Ball 1-2: Foul Ball, location: 2F 1-2: Foul Ball, location: 2F 1-2: Strikes out looking
|
| Top of the 5th over - 3 runs, 3 hits, 0 errors, 0 left on base; Miami 3 - New York 1 |
| BOTTOM OF THE 5TH |
|
New York Mets batting - Pitching for Miami Marlins : RHP Link Zeller
|
|
Batting: SHB Jason Larson
|
0-0: Foul Ball, location: 2F 0-1: Ball 1-1: Ball 2-1: Ball 3-1: Foul Ball, location: 2F 3-2: Foul Ball, location: 2F 3-2: Strikes out swinging
|
|
Batting: RHB Finn Ross
|
0-0: Ball 1-0: Ball 2-0: Ball 3-0: Base on Balls
|
|
Batting: SHB Billy Encinias
|
0-0: Called Strike 0-1: TRIPLE (Flyball, 8LXD, EV 98.8 MPH) Finn Ross scores
|
|
DELAY
|
Rain delay of 16 minutes in the 5th inning.
|
|
Batting: LHB Kevin Bellman
|
0-0: Ball 1-0: Ball 2-0: Ball 3-0: Base on Balls
|
|
Batting: RHB Josh Jones
|
0-0: Ground out 5-3 (Groundball, 56S, EV 66.2 MPH) Kevin Bellman to second
|
|
Batting: SHB Sean Cook
|
0-0: Foul Ball, location: 2F 0-1: Ball 1-1: Ball 2-1: Foul Ball, location: 2F 2-2: Strikes out looking
|
| Bottom of the 5th over - 1 run, 1 hit, 0 errors, 2 left on base; Miami 3 - New York 2 |
| TOP OF THE 6TH |
|
Miami Marlins batting - Pitching for New York Mets : RHP David Anzaldua
|
|
Batting: LHB Adam Durgin
|
0-0: Called Strike 0-1: Ball 1-1: Fly out, F9 (Flyball, 89M, EV 91.9 MPH)
|
|
Batting: RHB Jimmy Groseclose
|
0-0: Ball 1-0: Ball 2-0: Ball 3-0: Called Strike 3-1: Base on Balls
|
|
Batting: RHB Tony Stedman
|
0-0: Ball 1-0: Ball Wild Pitch! Jimmy Groseclose to second 2-0: Ground out 6-3 (Groundball, 6, EV 100.6 MPH)
|
|
Batting: RHB Steve Barnard
|
0-0: Ball 1-0: Fly out, F8 (Flyball, 89M, EV 86.9 MPH)
|
| Top of the 6th over - 0 runs, 0 hits, 0 errors, 1 left on base; Miami 3 - New York 2 |
| BOTTOM OF THE 6TH |
|
New York Mets batting - Pitching for Miami Marlins : RHP Link Zeller
|
|
Batting: RHB Jeff Jank
|
0-0: Ball 1-0: Ball 2-0: Ball 3-0: Called Strike 3-1: Foul Ball, location: 2F 3-2: Base on Balls
|
|
Batting: LHB Chris Ringwood
|
0-0: Called Strike 0-1: Ball 1-1: Foul Ball, location: 2F 1-2: Ball Wild Pitch! Jeff Jank to second 2-2: Foul Ball, location: 2F 2-2: Fly out, F8 (Flyball, 8RM, EV 81.9 MPH)
|
|
Batting: RHB Drtian Thaqi
|
0-0: Fly out, F3 (Popup, 23F, EV 67.5 MPH)
|
|
Batting: SHB Jason Larson
|
0-0: Ball 1-0: Called Strike 1-1: Swinging Strike 1-2: SINGLE (Line Drive, 4D, EV 100.0 MPH) Jeff Jank to third
|
|
Batting: RHB Finn Ross
|
0-0: Called Strike 0-1: Ball 1-1: Ball 2-1: Ball 3-1: Swinging Strike 3-2: Strikes out swinging
|
| Bottom of the 6th over - 0 runs, 1 hit, 0 errors, 2 left on base; Miami 3 - New York 2 |
| TOP OF THE 7TH |
|
Miami Marlins batting - Pitching for New York Mets : RHP David Anzaldua
|
|
Batting: LHB Jose Bregaro
|
0-0: Ball 1-0: Ball 2-0: Ball 3-0: Called Strike 3-1: Foul Ball, location: 2F 3-2: Base on Balls
|
|
Pitching: RHP Justin Overlie
|
|
|
Batting: RHB Alberto Cotto
|
0-0: Called Strike 0-1: Ball Jose Bregaro steals 2nd base 1-1: Called Strike 1-2: Ball 2-2: Ball 3-2: Strikes out swinging
|
|
Batting: RHB Mike Gar
|
0-0: Called Strike 0-1: Swinging Strike 0-2: Ball 1-2: Foul Ball, location: 2F 1-2: Strikes out looking
|
|
Batting: RHB Roger Salazar
|
0-0: Ground out 5-3 (Groundball, 5, EV 102.5 MPH)
|
| Top of the 7th over - 0 runs, 0 hits, 0 errors, 1 left on base; Miami 3 - New York 2 |
| BOTTOM OF THE 7TH |
|
New York Mets batting - Pitching for Miami Marlins : RHP Link Zeller
|
|
Batting: SHB Billy Encinias
|
0-0: Called Strike 0-1: Foul Ball, location: 2F 0-2: Strikes out swinging
|
|
Batting: LHB Kevin Bellman
|
0-0: Ball 1-0: Called Strike 1-1: Swinging Strike 1-2: Ground out 1-3 (Groundball, P, EV 71.2 MPH)
|
|
Batting: RHB Josh Jones
|
0-0: Called Strike 0-1: Ball 1-1: SINGLE (Groundball, 56D, EV 102.5 MPH)
|
|
Batting: SHB Sean Cook
|
0-0: Ball 1-0: Called Strike 1-1: Foul Ball, location: 2F 1-2: Ball 2-2: Ball 3-2: Strikes out swinging
|
| Bottom of the 7th over - 0 runs, 1 hit, 0 errors, 1 left on base; Miami 3 - New York 2 |
| TOP OF THE 8TH |
|
Miami Marlins batting - Pitching for New York Mets : RHP Justin Overlie
|
|
Batting: RHB Matt Thompson
|
0-0: Swinging Strike 0-1: Ball 1-1: Called Strike 1-2: Strikes out swinging
|
|
Batting: LHB Adam Durgin
|
0-0: Called Strike 0-1: DOUBLE (Groundball, 3L, EV 108.1 MPH)
|
|
Batting: RHB Jimmy Groseclose
|
0-0: Ball 1-0: Foul Ball, location: 2F 1-1: Ball 2-1: Swinging Strike 2-2: SINGLE (Groundball, 6D, EV 110.0 MPH) Adam Durgin to third
|
|
Batting: RHB Tony Stedman
|
0-0: Ball 1-0: Ball 2-0: Ball 3-0: Called Strike 3-1: Base on Balls Jimmy Groseclose to second
|
|
Batting: SHB Jordan Barragan
|
0-0: Ball 1-0: Swinging Strike 1-1: Ball 2-1: Grounds into fielders choice U2 (Groundball, 15S, EV 65.0 MPH) Jimmy Groseclose to third Tony Stedman to second
|
|
Batting: LHB Jose Bregaro
|
0-0: Swinging Strike 0-1: Foul Ball, location: 2F 0-2: Ball 1-2: Ball 2-2: Strikes out swinging
|
| Top of the 8th over - 0 runs, 2 hits, 0 errors, 3 left on base; Miami 3 - New York 2 |
| BOTTOM OF THE 8TH |
|
New York Mets batting - Pitching for Miami Marlins : RHP Link Zeller
|
|
Batting: RHB Jeff Jank
|
0-0: Ball 1-0: Called Strike 1-1: Fly out, F4 (Popup, 4, EV 71.2 MPH)
|
|
Pitching: RHP Kwang-sik Kim
|
|
|
Batting: LHB Chris Ringwood
|
0-0: Ball 1-0: Ball 2-0: Foul Ball, location: 2F 2-1: Called Strike 2-2: Ball 3-2: DOUBLE (Line Drive, 8RXD, EV 107.5 MPH)
|
|
Batting: RHB Drtian Thaqi
|
0-0: Called Strike 0-1: Foul Ball, location: 2F 0-2: Ball 1-2: Ball 2-2: Foul Ball, location: 2F 2-2: Foul Ball, location: 2F 2-2: 2-RUN HOME RUN (Line Drive, 7D, EV 101.2 MPH), Distance : 367 ft
|
|
Batting: SHB Jason Larson
|
0-0: Ground out 2-3 (Groundball, 2L, EV 70.0 MPH)
|
|
Batting: RHB Finn Ross
|
0-0: Ball 1-0: Fly out, F7 (Flyball, 7LS, EV 83.8 MPH)
|
| Bottom of the 8th over - 2 runs, 2 hits, 0 errors, 0 left on base; Miami 3 - New York 4 |
| TOP OF THE 9TH |
|
Miami Marlins batting - Pitching for New York Mets : RHP Justin Overlie
|
|
Pitching: LHP Ken Dewey
|
|
|
Now in LF: Finn Ross
|
|
|
Now in CF: Antonio Aranda
|
|
|
Batting: RHB Alberto Cotto
|
0-0: Ball 1-0: Ball 2-0: Ball 3-0: Foul Ball, location: 2F 3-1: Foul Ball, location: 2F 3-2: Strikes out looking
|
|
Batting: RHB Mike Gar
|
0-0: Ball 1-0: Ball 2-0: Swinging Strike 2-1: Swinging Strike 2-2: Strikes out swinging
|
|
Batting: RHB Roger Salazar
|
0-0: Fly out, F9 (Flyball, 9D, EV 94.4 MPH)
|
| Top of the 9th over - 0 runs, 0 hits, 0 errors, 0 left on base; Miami 3 - New York 4 |
|